[Event "*** SCC Grand Prix: Titled Tuesday Blitz"]
[Site "Chess.com"]
[Date "2020.06.09"]
[Round "5"]
[White "Bubachess1608"]
[Black "ClassyEl"]
[Result "0-1"]
[WhiteElo "2297"]
[BlackElo "2514"]
[TimeControl "180+1"]
[EndTime "9:57:52 PDT"]
[Termination "ClassyEl won on time"]

1. e4 c6 2. d4 d6 3. c4 e5 4. Nc3 Nf6 5. Nf3 Bg4 6. Be2 Nbd7 7. h3 Bxf3 8. Bxf3 Be7 9. O-O O-O 10. Be2 a5 11. f4 exd4 12. Qxd4 d5 13. Kh2 Bc5 14. Qd3 dxe4 15. Nxe4 Nxe4 16. Qxe4 Re8 17. Qf3 Qe7 18.
Bd3 Bd4 19. Rb1 Nc5 20. Bd2 Nxd3 21. Qxd3 Rad8 22. Qf3 Qc5 23. b3 h6 24. Rbd1 a4 25. Rfe1 Rxe1 26. Bxe1 Re8 27. Bd2 Bf6 28. Re1 Rd8 29. Bc3 Bxc3 30. Qxc3 Qf2 31. Qe3 Qxa2 32. bxa4 Qxc4 33. a5 Rd4 34. f5 Qd5 35. f6 Qd6+ 36.
Kg1 Qxf6 37. Rf1 Qd8 38. Qb3 Rd7 39. Qc3 Rd5 40. Qf3 f6 41. a6 bxa6 42. Qc3 Qb6+ 43. Kh1 Qb5 44. Re1 Re5 45. Rd1 Qe2 46. Rd8+ Kh7 47.
Qxc6 Qe1+ 48. Kh2 Qe4 49. Qxe4+ Rxe4 50. Ra8 Ra4 51. Kg3 h5 52. Kf3 h4 53. g4 Ra3+ 54.
Kf4 Rxh3 55. Rxa6 Kg6 56. g5 Rg3 57. gxf6 gxf6 58. Ra8 Rg5 59. Rg8+ Kh7 60. Rf8 Kg7 61. Ra8 Rg1 62. Ra3 Kg6 63. Rh3 Kh5 0-1

[Event "*** SCC Grand Prix: Titled Tuesday Blitz"]
[Site "Chess.com"]
[Date "2020.06.09"]
[Round "5"]
[White "MikaelyanArman"]
[Black "Dr_crypt"]
[Result "1-0"]
[WhiteElo "2753"]
[BlackElo "2465"]
[TimeControl "180+1"]
[EndTime "9:57:53 PDT"]
[Termination "MikaelyanArman won by resignation"]

1. Nf3 d5 2. c4 c6 3. g3 Nf6 4. Bg2 Bf5 5. cxd5 cxd5 6. Qb3 Qb6 7. Qxb6 axb6 8. Nc3 Nc6 9. d3 e5 10. O-O Be7 11.
Nh4 Be6 12. f4 Bc5+ 13. Kh1 exf4 14. Bxf4 O-O 15. Bg5 Ng4 16. h3 h6 17. Bd2 Nf6 18.
Bxh6 Nh5 19. Bf4 g5 20. Bf3 Nxf4 21. gxf4 gxh4 22. Nxd5 Bxd5 23. Bxd5 Rae8 24. e4 Kh7 25. f5 Bd4 26. Rf4 Bf6 27. Rg1 Ne5 28. d4 Nd3 29. Rf3 Nb4 30. Bxb7 Bxd4 31. Rg5 Kh6 32. Rg4 Bf6 33.
e5 Rxe5 34. Rxb4 Re1+ 35. Kg2 Rfe8 36. Rxb6 Kg7 37. Rb4 Kh6 38. Rff4 R8e3 39. Bf3 Rc1 40. Rb6 Rc2+ 41. Kf1 Kg5 42. Rg4+ Kxf5 43. Rb5+ Be5 44. Bd1 Rh2 45. Bb3 Rhxh3 46. Rg8 Ref3+ 47. Kg2 Rhg3+ 48. Rxg3 Rxg3+ 49. Kf2 h3 50. Rxe5+ Kxe5 51. Kxg3 h2 52. Kxh2 Kd4 53. Kg3 1-0

[Event "*** SCC Grand Prix: Titled Tuesday Blitz"]
[Site "Chess.com"]
[Date "2020.06.09"]
[Round "5"]
[White "BronceYSueno"]
[Black "MFBerna"]
[Result "1/2-1/2"]
[WhiteElo "2255"]
[BlackElo "2404"]
[TimeControl "180+1"]
[EndTime "9:57:53 PDT"]
[Termination "Game drawn - insufficient material"]

1. Nf3 d5 2. c4 c6 3. g3 Nf6 4.
Bg2 e6 5. b3 Be7 6. Bb2 O-O 7.
O-O b6 8. e3 Nbd7 9. Nc3 Bb7 10. Rc1 c5 11. Qc2 Rc8 12. Qb1 a6 13. Rfd1 Rc7 14.
Qa1 Qa8 15. cxd5 exd5 16. d4 Rfc8 17. Na4 c4 18. Ne5 b5 19. Nc3 b4 20. Na4 c3 21.
Nxc3 bxc3 22. Rxc3 Rxc3 23. Bxc3 Nxe5 24. dxe5 Ne4 25.
Bd4 Rc2 26. e6 fxe6 27. Bxg7 Qe8 28. Qb1 Rxf2 29. Bxe4 Kxg7 30. Kxf2 dxe4 31. Kg2 Bd5 32. Rf1 Qh5 33. Qb2+ Kg8 34. Qc2 Qg6 35. Rf4 Kg7 36. h3 h5 37. Qc3+ Kh6 38. Qh8+ Qh7 39. Qe8 Qg7 40. Qc8 Bd6 41. Qxa6 Bxf4 42. exf4 Qb2+ 43.
Kf1 e3 44. Qe2 Qc1+ 45. Qe1 Qc2 46. Qxe3 Qg2+ 47. Ke1 Qxa2 48. f5+ Kg7 49. fxe6 Qa1+ 50. Ke2 Qa2+ 51. Qd2 Qxb3 52. e7 Qc4+ 53. Qd3 Bf7 54.
Qxc4 Bxc4+ 55. Ke3 Bf7 56. Kf4 Kg6 57. Ke5 Kg5 58. Kd6 Kf6 59. Kd7 Kf5 60. e8=Q Bxe8+ 61. Kxe8 h4 62. gxh4 Kg6 63. Kf8 Kh5 64. Kf7 Kxh4 65.
Kf6 Kxh3 1/2-1/2

[Event "*** SCC Grand Prix: Titled Tuesday Blitz"]
[Site "Chess.com"]
[Date "2020.06.09"]
[Round "5"]
[White "DraG0s3L"]
[Black "freshfoodcompany"]
[Result "0-1"]
[WhiteElo "2473"]
[BlackElo "2222"]
[TimeControl "180+1"]
[EndTime "9:57:53 PDT"]
[Termination "freshfoodcompany won by checkmate"]

1. d4 d5 2. c4 e6 3. Nc3 Be7 4. Nf3 Nf6 5. Bg5 h6 6. Bh4 O-O 7. e3 Nbd7 8. cxd5 Nxd5 9. Bxe7 Nxe7 10. Bd3 c5 11. O-O b6 12. Be4 Rb8 13. Qa4 a6 14.
Rfd1 cxd4 15. Rxd4 Qc7 16. Rad1 Nc5 17. Qc4 e5 18. Rd6 Be6 19. Qe2 Nxe4 20. Nxe4 a5 21. Nxe5 Rfd8 22. a3 Rxd6 23. Nxd6 Rd8 24. Nexf7 Bxf7 25. Nxf7 Rxd1+ 26. Qxd1 Kxf7 27. h3 Qc6 28. Qd4 Qc1+ 29.
Kh2 Qc7+ 30. f4 Qc5 31. Qe4 Qd5 32. Qc2 Kg8 33. e4 Qc6 34. Qb3+ Kh7 35. Qd3 Ng6 36. e5 Qc5 37. Qe4 b5 38. e6 Qd6 39. Kh1 Qd1+ 40. Kh2 Qd6 41. g3 Qd2+ 42. Kg1 Qd1+ 43. Kf2 Qd2+ 44. Kf3 Qd1+ 45. Qe2 Qxe2+ 46. Kxe2 Ne7 47. g4 Kg6 48. f5+ Kf6 49. Ke3 g6 50. fxg6 Kxe6 51.
g7 Kf7 52. Kd4 Kxg7 53. Kc5 Ng6 54. Kxb5 Nf4 55. h4 Ng2 56. g5 h5 57. Kxa5 Nxh4 58. b4 Nf5 59. b5 h4 60. b6 Nd6 61. Kb4 h3 62. Kc5 Nb7+ 63. Kc6 Na5+ 64. Kb5 h2 65. Kxa5 h1=Q 66. Ka6 Qa8+ 67. Kb5 Qxa3 68. b7 Qb3+ 69. Kc6 Qc4+ 70. Kd7 Qb5+ 71. Kc8 Qc6+ 72. Kb8 Kf7 73. Ka8 Qa6+ 74. Kb8 Ke7 75. Kc7 Qc4+ 76. Kb6 Qb4+ 77. Kc7 Qc5+ 78. Kb8 Kd7 79. Ka8 Qa5+ 80.
Kb8 Qb6 81. Ka8 Qa6+ 82. Kb8 Kc6 83. Kc8 Qxb7+ 84. Kd8 Qd7# 0-1

[Event "*** SCC Grand Prix: Titled Tuesday Blitz"]
[Site "Chess.com"]
[Date "2020.06.09"]
[Round "5"]
[White "harkerchess"]
[Black "Jadeit90"]
[Result "0-1"]
[WhiteElo "2025"]
[BlackElo "2315"]
[TimeControl "180+1"]
[EndTime "9:57:55 PDT"]
[Termination "Jadeit90 won by resignation"]

1. d4 g6 2. c4 Bg7 3. Nc3 c5 4. e3 cxd4 5. exd4 Nf6 6. Nf3 O-O 7. Be2 d5 8. cxd5 Nxd5 9. O-O Nc6 10. Be3 Nxe3 11. fxe3 e5 12. d5 Ne7 13. e4 Qb6+ 14.
Kh1 Qxb2 15. Nb5 Qb4 16. Nc7 Rb8 17. Bd3 Qd6 18. Nb5 Qb6 19. a4 a6 20. a5 Qd8 21.
Na3 Bg4 22. Nc4 f5 23. Qb3 Bxf3 24. gxf3 Kh8 25. Ra4 fxe4 26. fxe4 Rxf1+ 27. Bxf1 Qf8 28. Bg2 Qf2 29. Qb1 Ng8 30. Nb6 Rf8 31. Ra2 Qd4 32. Ra4 Qf2 33. Ra2 Qe3 34. Nc4 Qd4 35. Nd6 Nh6 36. h3 g5 37. Qxb7 g4 38. Qb6 Qd1+ 39. Qg1 Qb3 40. Rf2 gxh3 41. Bf1 Rg8 42. Rf7 Bf6 43.
Qf2 Bg7 44. Bxa6 Qb4 45. Qb6 Qe1+ 46. Rf1 Qg3 47. Qf2 Qg4 48. Be2 Qg6 49. Nc4 Qxe4+ 50. Qf3 Qd4 51. a6 e4 52. Qf2 Qxd5 53. Ne3 Qd7 54. Bc4 Rf8 55. Qg1 Rd8 56. Rf7 Nxf7 57.
Bxf7 Qxf7 58. Ng4 Rf8 59. Ne5 Qf4 60. Nf7+ Qxf7 61. a7 Qf3+ 62. Kh2 Qf2+ 63. Qxf2 Rxf2+ 64. Kxh3 Ra2 65. a8=Q+ Rxa8 66. Kg4 Re8 67. Kf4 e3 0-1

[Event "*** SCC Grand Prix: Titled Tuesday Blitz"]
[Site "Chess.com"]
[Date "2020.06.09"]
[Round "5"]
[White "AlexSuv"]
[Black "jonaszmb"]
[Result "1-0"]
[WhiteElo "2696"]
[BlackElo "2416"]
[TimeControl "180+1"]
[EndTime "9:57:55 PDT"]
[Termination "AlexSuv won by resignation"]

1. d4 d5 2. c4 Bf5 3. Nc3 e6 4. Nf3 Nc6 5. cxd5 exd5 6. Bf4 Nf6 7. e3 Bb4 8. Be2 Ne4 9. Qc1 Qe7 10. O-O Nxc3 11.
bxc3 Ba3 12. Qd2 O-O 13. c4 dxc4 14. Bxc4 Rad8 15. Bb3 Kh8 16. h3 Bb4 17. Qb2 Ba3 18.
Qc3 Bb4 19. Qc4 Bd6 20. Bxd6 cxd6 21. Rfc1 d5 22. Qc5 Qxc5 23. Rxc5 Be6 24. Rac1 h6 25. Ba4 Nb4 26. Rb1 Nxa2 27. Rxb7 Rc8 28. Rbc7 Rxc7 29. Rxc7 a5 30. Ra7 Nb4 31. Rxa5 Rc8 32. Rc5 Ra8 33. Bc6 Ra1+ 34. Kh2 Nd3 35. Rc2 g5 36. Bb5 Nb4 37. Rb2 Na2 38. Ne5 Bf5 39. Nxf7+ Kg7 40. Ne5 Nc1 41. Bd7 Be4 42. f3 Bb1 43. Be6 Nd3 44.
Nxd3 Bxd3 45. Bxd5 Kf6 46. e4 Bf1 47. Rb6+ Ke7 48.
Rb2 Re1 49. Rf2 Kd6 50. Kg3 Bd3 51. h4 gxh4+ 52. Kxh4 Rh1+ 53. Kg4 h5+ 54. Kf4 h4 55. Rd2 Bb1 56. Bb3 Rg1 57. e5+ Ke7 58. d5 Kd8 59. d6 Bg6 60. e6 Be8 61. e7+ Kc8 62. Be6+ Kb7 63. d7 Bxd7 64. Bxd7 h3 65. gxh3 1-0

[Event "*** SCC Grand Prix: Titled Tuesday Blitz"]
[Site "Chess.com"]
[Date "2020.06.09"]
[Round "5"]
[White "Fortitudine"]
[Black "ditkin25"]
[Result "1/2-1/2"]
[WhiteElo "2266"]
[BlackElo "2411"]
[TimeControl "180+1"]
[EndTime "9:57:56 PDT"]
[Termination "Game drawn - insufficient material"]

1. c4 g6 2. g3 Bg7 3. Bg2 Nf6 4. Nc3 O-O 5. e4 d6 6. d3 c5 7. Nge2 Nc6 8. O-O a6 9. h3 Ne8 10. Be3 Nc7 11. d4 cxd4 12. Nxd4 Ne6 13. Nde2 Nc5 14. Qd2 Rb8 15. Rad1 Qa5 16. b3 Re8 17. Nd5 Qxd2 18.
Rxd2 b5 19. cxb5 axb5 20. Rc1 e6 21. Ndf4 Bf8 22. Nd3 Nxd3 23. Rxc6 Ne5 24. Rb6 Rxb6 25. Bxb6 Bb7 26. f4 Nd7 27. Ba5 Nc5 28. e5 Bxg2 29.
Kxg2 d5 30. Nd4 Ra8 31. b4 Nb7 32. Nxb5 Nxa5 33. bxa5 Rxa5 34. Rb2 Bc5 35. Nd6 Ra8 36.
Rb7 Bxd6 37. exd6 Rxa2+ 38. Kf3 Ra8 39. Kg4 Rd8 40. d7 Kf8 41. Kg5 Ke7 42. Kh6 Rxd7 43.
Rb8 d4 44. Rb1 Kf6 45. Kxh7 Rd5 46. g4 g5 47. fxg5+ Kxg5 48. Rf1 f5 49. gxf5 exf5 50. Kg7 d3 51. Kf7 d2 52. Rg1+ Kh4 53. Rd1 Kxh3 54.
Ke6 Rd3 55. Kxf5 Kg3 56. Ke4 Rd8 57. Ke3 Re8+ 58. Kxd2 Rd8+ 59. Kc1 Rxd1+ 60. Kxd1 1/2-1/2

[Event "*** SCC Grand Prix: Titled Tuesday Blitz"]
[Site "Chess.com"]
[Date "2020.06.09"]
[Round "5"]
[White "Shivagami"]
[Black "Kostya26"]
[Result "0-1"]
[WhiteElo "2264"]
[BlackElo "2427"]
[TimeControl "180+1"]
[EndTime "9:57:57 PDT"]
[Termination "Kostya26 won by resignation"]

1. d4 d5 2. c4 e6 3. Nc3 h6 4. cxd5 exd5 5. Bf4 c6 6. e3 Bf5 7. Nf3 Nf6 8. Bd3 Bxd3 9. Qxd3 Be7 10. O-O O-O 11. h3 Nbd7 12. Ne5 Nxe5 13. Bxe5 Re8 14. Rfd1 Bd6 15. f4 Bb4 16. a3 Bxc3 17. bxc3 Ne4 18. f5 b5 19. a4 a6 20. Bf4 Qd7 21. g4 Qe7 22. Kg2 Qh4 23. Qc2 h5 24. g5 Nxg5 25.
Rh1 Ne4 26. Kf3 Qf6 27. Rag1 Qxf5 28. Ke2 Ng3+ 29. Kd2 Qxc2+ 30. Kxc2 Nxh1 31. Rxh1 g6 32. Ra1 Kg7 33. a5 Kf6 34. Kd3 Kf5 35. Rf1 Ke6 36. Be5 f5 37. Bf4 Rg8 38. Bg5 Rab8 39. h4 b4 40. Rc1 b3 41. Rb1 Rb5 42. Rb2 Rgb8 43.
c4 dxc4+ 44. Kxc4 Rxa5 45. Kc3 Ra2 46. Bf4 Rxb2 47. Bxb8 Rc2+ 48. Kxb3 Re2 49. Kc4 Rxe3 50. Kc5 Rd3 51. Bf4 Rc3+ 52. Kb6 Rc2 53. Be5 Kd5 54. Kxa6 Rc4 55. Kb7 Rxd4 56. Bf6 Rg4 57. Bg5 f4 0-1

[Event "*** SCC Grand Prix: Titled Tuesday Blitz"]
[Site "Chess.com"]
[Date "2020.06.09"]
[Round "5"]
[White "andriipalchuk"]
[Black "XDPS"]
[Result "1-0"]
[WhiteElo "2281"]
[BlackElo "2678"]
[TimeControl "180+1"]
[EndTime "9:57:58 PDT"]
[Termination "andriipalchuk won on time"]

1. e4 e5 2. Nf3 Nc6 3. d4 exd4 4. Nxd4 Bc5 5. Nxc6 bxc6 6. Bd3 Qh4 7. O-O Nf6 8.
Qf3 d5 9. Nc3 O-O 10. Qf4 Ng4 11. h3 Bd6 12. Qg5 Qxg5 13. Bxg5 Ne5 14. exd5 Nxd3 15. cxd3 Ba6 16. dxc6 Rab8 17. b3 Bxd3 18. Rfd1 Bg6 19. Nd5 Rfe8 20. Bf4 Bxf4 21. Nxf4 Be4 22.
Rac1 Rb6 23. Nd5 Bxd5 24. Rxd5 g6 25. Rd7 Rc8 26. Kf1 Kg7 27. Rc3 Kg8 28. Ke2 a5 29. Kd2 h6 30. Rd5 Ra6 31. a4 Rb8 32. Rd7 Rc8 33. Kc2 Rb6 34. Rd5 Ra8 35. Rcc5 Raa6 36.
Rxa5 Rxc6+ 37. Rdc5 Rxc5+ 38. Rxc5 Ra7 39. a5 Kf8 40. Kc3 Ke7 41. b4 Kd6 42. Kc4 c6 43. Kc3 Re7 44. Rc4 Re1 45. Rd4+ Kc7 46. Rf4 f5 47.
Kc4 Rc1+ 48. Kb3 Rb1+ 49. Ka3 Ra1+ 50. Kb2 Re1 51. Rf3 Re2+ 52. Kb3 Kb7 53. Kc4 Rc2+ 54.
Kd4 Ra2 55. Kc5 Rc2+ 56. Kd4 Rb2 57. Kc3 Re2 58. h4 Ka6 59. h5 gxh5 60. Rxf5 h4 61. Rf6 Kb7 62. Rxh6 Rxf2 63. Rxh4 Rxg2 64. Rh7+ Ka6 65.
Rh8 Kb5 66. Rb8+ Ka4 67. a6 Rg3+ 68. Kc4 Rg7 69. Kc5 Ra7 70. Kb6 1-0

[Event "*** SCC Grand Prix: Titled Tuesday Blitz"]
[Site "Chess.com"]
[Date "2020.06.09"]
[Round "5"]
[White "evgchess5"]
[Black "pedro_gines"]
[Result "1-0"]
[WhiteElo "2797"]
[BlackElo "2462"]
[TimeControl "180+1"]
[EndTime "9:57:58 PDT"]
[Termination "evgchess5 won by resignation"]

1. e4 c6 2. d4 d5 3. exd5 cxd5 4. Bd3 Nc6 5. c3 Nf6 6. h3 g6 7. Nf3 Bf5 8. O-O Bg7 9. Re1 Bxd3 10. Qxd3 O-O 11.
Nbd2 a6 12. Nb3 b6 13. Bf4 e6 14. Re2 Ne8 15. Rae1 Nd6 16. Qd1 a5 17. a3 Nc4 18.
Qc1 a4 19. Na1 b5 20. Bh6 Re8 21. Bxg7 Kxg7 22. Nc2 Qf6 23. Rf1 Ra7 24. Nce1 e5 25. dxe5 N6xe5 26. Nxe5 Nxe5 27. Rd2 Rd7 28. Rd4 Nc6 29.
Rf4 Qd6 30. Nf3 Re4 31. Rg4 f5 32. Rg3 Rde7 33. h4 Rg4 34. Rh3 h6 35. Rd1 Qc5 36.
Nh2 Rge4 37. Nf1 Re2 38. Re3 R7xe3 39. Nxe3 d4 40. Kf1 Rxe3 41. fxe3 dxe3 42. c4 Qxc4+ 43. Qxc4 bxc4 44. Rd7+ Kf8 45. Ke2 f4 46. Rd6 Ne5 47. Re6 Nd3 48. Rxg6 Nxb2 49. Rf6+ Ke7 50. Rxf4 c3 51.
Re4+ Kd6 52. Rxe3 c2 53. Rc3 Kd5 54. Rxc2 Nc4 55. Rc3 Kd4 56. Rf3 Ke4 57. g4 Ne5 58.
Rc3 Nxg4 59. Rc4+ Kf5 60. Rxa4 Nf6 61. Rb4 Nd5 62. Rb5 Ke6 63. Kf3 Nc3 64. Rb6+ Kf5 65. Rxh6 Nb5 66. Rh5+ 1-0

[Event "*** SCC Grand Prix: Titled Tuesday Blitz"]
[Site "Chess.com"]
[Date "2020.06.09"]
[Round "5"]
[White "Siniauski"]
[Black "LileKoridze"]
[Result "1/2-1/2"]
[WhiteElo "2502"]
[BlackElo "2302"]
[TimeControl "180+1"]
[EndTime "9:57:58 PDT"]
[Termination "Game drawn by stalemate"]

1. e4 c5 2. Nf3 d6 3. Bb5+ Nd7 4.
d4 a6 5. Bxd7+ Bxd7 6. c4 cxd4 7. Qxd4 Nf6 8. Nc3 g6 9. O-O Bg7 10. Qd3 O-O 11. b3 Bc6 12. Bb2 Nd7 13. Nd2 Nc5 14. Qe2 f5 15. exf5 Rxf5 16. b4 Nd7 17. Rab1 b5 18.
Nd5 Bxd5 19. cxd5 Nf6 20. Nf3 Nxd5 21. Qe6+ Kh8 22. Bxg7+ Kxg7 23. Rbd1 Nf4 24. Qe4 Rc8 25. Rfe1 e6 26. g3 Rc4 27. Qe3 Nh3+ 28. Kg2 Qf6 29.
Kxh3 Rxf3 30. Qxe6 Qxe6+ 31. Rxe6 Rxf2 32. Re7+ Kh6 33. Rxd6 Rxa2 34. Rdd7 Rcc2 35. Kg4 Rc4+ 36. Kh3 Rxb4 37.
Rxh7+ Kg5 38. Rd5+ Kf6 39. Rb7 Re4 40. Rdd7 Ree2 41.
Rf7+ Kg5 42. g4 Rxh2+ 43. Kg3 Rhg2+ 44. Kf3 Raf2+ 45. Ke3 Rxf7 46. Rxf7 Rxg4 47. Ra7 Ra4 48. Kf3 b4 49. Kg3 Ra3+ 50. Kf2 b3 51. Rb7 Ra2+ 52. Ke3 b2 53. Kd3 a5 54. Kc2 a4 55. Kb1 Ra3 56. Rb5+ Kf4 57. Rb4+ Kf3 58. Rb5 Kf4 59. Rb4+ Kf5 60.
Rb5+ Ke4 61. Rb4+ Kd3 62. Rg4 Rb3 63. Rxg6 a3 64. Rg3+ Kc4 65. Rxb3 Kxb3 1/2-1/2

[Event "*** SCC Grand Prix: Titled Tuesday Blitz"]
[Site "Chess.com"]
[Date "2020.06.09"]
[Round "5"]
[White "Nafania1"]
[Black "Firegrizzly"]
[Result "1-0"]
[WhiteElo "2435"]
[BlackElo "2575"]
[TimeControl "180+1"]
[EndTime "9:57:59 PDT"]
[Termination "Nafania1 won by resignation"]

1. e4 Nf6 2. e5 Nd5 3. d4 d6 4. c4 Nb6 5. exd6 cxd6 6. Nc3 g6 7. Be3 Bg7 8. Rc1 O-O 9. b3 a5 10. a4 Nc6 11. d5 Nb4 12. Be2 Nd7 13. Nf3 Nc5 14. Nd4 e5 15. dxe6 fxe6 16. O-O Ra6 17. Ndb5 Bd7 18. Nxd6 Ncd3 19. Nxb7 Qb8 20. Bxd3 Qxb7 21.
Be4 Bc6 22. Bxc6 Rxc6 23. Nb5 Qe7 24. Qe2 e5 25. Nc3 e4 26. Nd5 Nxd5 27. cxd5 Rxc1 28. Rxc1 Rd8 29. Qc4 Kh8 30. Bc5 Qg5 31. Rd1 Qf5 32. d6 h5 33. Bd4 h4 34. Bxg7+ Kxg7 35. Qd4+ Kh7 36. h3 Qe6 37. Qd5 Qf5 38. d7 Kh6 39.
Rd4 e3 40. fxe3 Qb1+ 41. Kh2 Qe1 42. Qe5 Qf2 43. Qf4+ Qxf4+ 44. exf4 Kg7 45. g3 hxg3+ 46. Kxg3 Kf6 47. Kg4 Ke6 48. h4 Ke7 49. Kg5 Kf7 50.
Rd3 Kg7 51. Rd6 Kf7 52. Rf6+ Ke7 53. Rxg6 Kxd7 54. Ra6 Rb8 55. Rxa5 Rxb3 56. Re5 Rg3+ 57. Kf6 Rg4 58. f5 Rxh4 59. a5 Rh6+ 60. Kg7 Rh5 61.
Kg6 Rh1 62. f6 Rg1+ 63. Kf7 Kd6 64. Re2 Ra1 65. Kg8 Rxa5 66. f7 Rg5+ 67. Kf8 Kd7 68. Re4 Rg3 69. Rd4+ Kc7 70. Ke7 Re3+ 71. Kf6 Rf3+ 72.
Ke6 Re3+ 73. Kf5 Rf3+ 74. Rf4 Rxf4+ 75. Kxf4 Kd7 76. f8=Q Ke6 77. Qf5+ 1-0

[Event "*** SCC Grand Prix: Titled Tuesday Blitz"]
[Site "Chess.com"]
[Date "2020.06.09"]
[Round "5"]
[White "ftorodent"]
[Black "ShahMatKanal"]
[Result "1-0"]
[WhiteElo "2667"]
[BlackElo "2478"]
[TimeControl "180+1"]
[EndTime "9:58:01 PDT"]
[Termination "ftorodent won on time"]

1. d4 d5 2. c4 c6 3. cxd5 cxd5 4. Bf4 Nc6 5. e3 Nf6 6. Nc3 a6 7. Bd3 g6 8. Rc1 Bg7 9. h3 O-O 10. Nf3 Ra7 11. O-O Bf5 12. Bxf5 gxf5 13. Ne5 Na5 14.
Qd3 e6 15. b4 Nc6 16. Nxc6 bxc6 17. Na4 a5 18. b5 cxb5 19. Qxb5 Ne4 20. Rc2 Nd6 21.
Qb6 Qxb6 22. Nxb6 Ne4 23. Rfc1 Rb7 24. Rc6 h5 25. f3 Nf6 26. a4 Kh7 27. R1c5 Ra7 28.
Rb5 Kg6 29. Bd6 Rd8 30. Bc5 Rb7 31. Rxa5 f4 32. exf4 Nd7 33. Nxd7 Rb1+ 34. Kh2 Rxd7 35. Rb5 Ra1 36. a5 h4 37. g4 hxg3+ 38. Kxg3 Bh6 39. a6 Kf5 40. Rb2 Bxf4+ 41. Kf2 Rd8 42. a7 Rg8 43. Bd6 Rag1 44. Bxf4 Kxf4 45. Ke2 R8g2+ 46. Kd3 Rd1+ 47.
Kc3 Ra1 48. Rxg2 Rxa7 49. Rg4+ Kxf3 50. Rb6 Ke3 51. Rb3 Rc7+ 52. Kb4+ Kf2 53. Rc3 Rb7+ 54.
Kc5 Rc7+ 55. Kb4 Rb7+ 56. Ka5 Ra7+ 57. Kb6 Ra4 58. Rf4+ Kg2 59. Kc5 Ra7 60. Kd6 Kh2 61. Ke5 Kg2 62. Rcf3 Ra4 63. Rxf7 1-0

[Event "*** SCC Grand Prix: Titled Tuesday Blitz"]
[Site "Chess.com"]
[Date "2020.06.09"]
[Round "5"]
[White "Shota_Azaladze"]
[Black "GHANDEEVAM2003"]
[Result "0-1"]
[WhiteElo "2795"]
[BlackElo "2981"]
[TimeControl "180+1"]
[EndTime "9:58:03 PDT"]
[Termination "GHANDEEVAM2003 won by resignation"]

1. Nf3 d5 2. g3 Nf6 3. Bg2 Bf5 4. O-O c6 5. d3 e6 6. Nc3 Be7 7.
Nd2 h6 8. e4 Bh7 9. h3 Qc7 10.
f4 Na6 11. e5 Nd7 12. a3 g5 13. Nf3 O-O-O 14. b4 Rdg8 15. Kh2 Rg7 16. Qe2 Rhg8 17.
fxg5 hxg5 18. g4 f6 19. d4 Nab8 20. Kg1 fxe5 21. dxe5 Nb6 22. Nd1 Nc4 23. Nf2 Nd7 24.
Nd3 Bxd3 25. cxd3 Ncxe5 26. Nd4 Rg6 27. Be3 Kb8 28. Rac1 Bd6 29. Nb5 cxb5 30. Rxc7 Bxc7 31. Bd4 Nc6 32. Be3 Nde5 33. Rb1 a6 34. a4 bxa4 35. b5 axb5 36. Rxb5 a3 37. Qc2 Bd6 38. Qb3 R6g7 39.
Bc5 Bxc5+ 40. Rxc5 Rc7 41. Qxa3 Ng6 42. Qc1 Nf4 43. Bf1 Nd4 44. Kh2 Nb3 45. Rxc7 Nxc1 46. Rxc1 Rc8 47. Rxc8+ Kxc8 48. d4 Kd7 49. Kg3 Ng6 50. Bd3 Nh4 51. Kf2 Kd6 52. Ke3 b6 53.
Kf2 e5 54. dxe5+ Kxe5 55. Ke3 Ng2+ 56. Kf2 Nf4 57. Bf1 d4 58. Kf3 Ng6 59. Bd3 Nh4+ 60. Kg3 Kd5 61. Kf2 Kc5 62. Ke2 Kb4 63. Be4 Kc3 64.
Bh7 b5 65. Be4 b4 66. Kd1 d3 67. Kc1 b3 68. Kb1 d2 0-1

[Event "*** SCC Grand Prix: Titled Tuesday Blitz"]
[Site "Chess.com"]
[Date "2020.06.09"]
[Round "5"]
[White "CarlosAlbornoz"]
[Black "Shuvalov"]
[Result "1-0"]
[WhiteElo "2711"]
[BlackElo "2451"]
[TimeControl "180+1"]
[EndTime "9:58:03 PDT"]
[Termination "CarlosAlbornoz won by resignation"]

1. e4 e6 2. d4 d5 3. Nd2 Nf6 4. e5 Nfd7 5. Bd3 c5 6. c3 Nc6 7. Ne2 cxd4 8. cxd4 f6 9. exf6 Nxf6 10. Nf3 Bd6 11. O-O Qc7 12. Bg5 O-O 13. Bh4 Nh5 14.
Qc2 h6 15. Bh7+ Kh8 16. Bg6 Rxf3 17. Bxh5 Rf8 18. Bg3 Rf6 19. Rac1 Bd7 20. Qd2 Raf8 21. Nc3 Bf4 22. Qd3 Qb6 23. Bxf4 Rxf4 24. Ne2 Rh4 25. Bg6 Nxd4 26. Nxd4 Rxd4 27. Qa3 Rdf4 28. Rc2 Bb5 29. Bd3 Bxd3 30. Qxd3 a6 31. b3 Kg8 32. Qe2 R4f6 33. g3 Rf3 34. Kg2 R3f6 35. f4 Qd6 36. Re1 d4 37. Qe4 d3 38. Rd2 Rd8 39. Re3 Rf5 40.
Qxe6+ Qxe6 41. Rxe6 Rc5 42. Kf3 Rc3 43. Ke3 Rd7 44. Re4 Kf7 45. Rd4 Re7+ 46. Kf3 Rec7 47.
R4xd3 Rxd3+ 48. Rxd3 Ke7 49. Re3+ Kf7 50. Re2 Rc3+ 51.
Ke4 Rc7 52. Kd5 Kf6 53. Ke4 Re7+ 54. Kf3 Rc7 55. h4 h5 56. Rd2 Rc3+ 57. Kf2 Rc7 58. Rd6+ Kf7 59. Kf3 g6 60. Rb6 Rc3+ 61. Ke4 Rc7 62. f5 gxf5+ 63. Kxf5 Kg7 64. a4 Rc5+ 65. Kf4 Rc7 66. b4 Rd7 67. a5 Kh7 68. Kg5 Rd5+ 69. Kf6 Rd7 70. Kf5 Kg7 71. g4 hxg4 72. Kxg4 Rd4+ 73.
Kf5 Rd5+ 74. Ke6 Rd4 75. Rxb7+ Kh6 76. Rb6 Rxh4 77. Kd7+ Kg7 78. Kc7 Kf7 79. Kb7 Ke7 80. Kxa6 Kd7 81. b5 Kc7 82. Rb7+ Kc8 83. b6 Rh5 84. Rg7 Rf5 85. Rg8+ Kd7 86. b7 Rf6+ 87. Ka7 Kc6 1-0

[Event "*** SCC Grand Prix: Titled Tuesday Blitz"]
[Site "Chess.com"]
[Date "2020.06.09"]
[Round "5"]
[White "SilviusTiberius"]
[Black "earling8018"]
[Result "1/2-1/2"]
[WhiteElo "2466"]
[BlackElo "2084"]
[TimeControl "180+1"]
[EndTime "9:58:03 PDT"]
[Termination "Game drawn - insufficient material"]

1. e4 e5 2. Nf3 Nc6 3. Bb5 a6 4. Ba4 Nf6 5. O-O Be7 6. Re1 b5 7. Bb3 d6 8. c3 O-O 9. h3 Nd7 10. d4 Na5 11. Bc2 c5 12. d5 Nf6 13. Nbd2 Bd7 14. b3 Nb7 15. a4 Qc7 16. c4 bxc4 17. Nxc4 Na5 18. Nfxe5 dxe5 19. d6 Bxd6 20. Qxd6 Qxd6 21.
Nxd6 Rab8 22. Rb1 Be6 23. Bb2 Nd7 24. Red1 Nxb3 25. Nf5 Nd4 26. Bd3 c4 27. Bf1 Bxf5 28. exf5 Nc5 29. Ba3 Rxb1 30. Rxb1 Ndb3 31.
Bxc4 Nd2 32. Bxc5 Nxb1 33. Bxf8 Kxf8 34. Bxa6 Ke7 35. a5 Kd6 36. Bc4 f6 37. g4 Kc5 38. a6 Kb6 39. Kg2 Nc3 40. Kg3 Ne4+ 41. Kg2 Nc5 42. f4 exf4 43. Kf3 Nxa6 44. Bxa6 Kxa6 45.
Kxf4 Kb6 46. g5 Kc5 47. h4 Kd5 48. gxf6 gxf6 49. Kg4 Ke4 50. Kh5 Kxf5 51. Kh6 Kg4 52. Kxh7 f5 53. Kg6 f4 54. h5 f3 55. h6 f2 56. h7 f1=Q 57. h8=Q Qf5+ 58. Kg7 Qg5+ 59.
Kf8 Qd8+ 60. Kg7 Qxh8+ 61. Kxh8 1/2-1/2

[Event "*** SCC Grand Prix: Titled Tuesday Blitz"]
[Site "Chess.com"]
[Date "2020.06.09"]
[Round "5"]
[White "OparinGrigoriy"]
[Black "Meri-Arabidze"]
[Result "1-0"]
[WhiteElo "2898"]
[BlackElo "2645"]
[TimeControl "180+1"]
[EndTime "9:58:04 PDT"]
[Termination "OparinGrigoriy won on time"]

1. Nf3 d5 2. g3 e6 3. Bg2 Nf6 4. c4 dxc4 5. Qa4+ Nbd7 6. Qxc4 c5 7. Qc2 Be7 8. Nc3 O-O 9. O-O Rb8 10. d4 b5 11. dxc5 Bxc5 12. Bf4 Rb6 13. Ng5 Bb7 14. Bxb7 Rxb7 15. Nce4 Be7 16. Rfd1 Qc8 17. Rac1 Qxc2 18.
Rxc2 Nd5 19. Bd6 Bxd6 20. Nxd6 Rb6 21. Nc8 Ra6 22. a3 h6 23. Ne4 b4 24. axb4 N7b6 25. b5 Ra4 26. Nxb6 Nxb6 27. Nc3 Rb4 28. Ra1 Nd5 29.
Nxd5 exd5 30. Ra5 d4 31. Kg2 Rb8 32. Rxa7 R4xb5 33. Rcc7 Rf5 34. Rab7 Ra8 35. Rd7 Ra4 36. h4 h5 37. f4 g6 38. Kf3 Kg7 39. b3 Ra1 40.
Rxd4 Rf1+ 41. Kg2 Re1 42. Kf2 Rb1 43. Rdd7 Rb2 44. Kf3 Rf6 45. e4 Rc2 46. e5 Rc3+ 47. Ke4 Rf5 48. Rd3 Rc6 49. b4 Rc4+ 50.
Kd5 Rc2 51. b5 Kh6 52. Re7 f6 53. b6 fxe5 54. fxe5 Rb2 55. b7 Rf1 56. Rc3 Rfb1 57. Rcc7 Rd1+ 58. Ke6 Rb6+ 59. Kf7 Rdb1 60. Ke8 g5 61.
Rh7+ Kg6 62. Rcg7+ Kf5 63. Rxg5+ Ke6 64. Rh6+ Kd5 65. Rxb6 Rxb6 66. Rg7 Ke6 67. Kd8 1-0

[Event "*** SCC Grand Prix: Titled Tuesday Blitz"]
[Site "Chess.com"]
[Date "2020.06.09"]
[Round "5"]
[White "MYMChessAcademy"]
[Black "Roza_Idrisova"]
[Result "1-0"]
[WhiteElo "2383"]
[BlackElo "2181"]
[TimeControl "180+1"]
[EndTime "9:58:04 PDT"]
[Termination "MYMChessAcademy won by resignation"]

1. e4 c6 2. d4 d5 3. e5 c5 4. dxc5 e6 5. Be3 Qc7 6. Nf3 Bxc5 7. Bxc5 Qxc5 8. Nc3 Ne7 9. Bd3 Bd7 10. O-O Ng6 11.
h4 Nf4 12. Re1 Nxd3 13. Qxd3 Nc6 14. Qb5 Qxb5 15. Nxb5 Ke7 16. Nd6 Nxe5 17. Nxe5 Kxd6 18. Nxf7+ Kc7 19. Nxh8 Rxh8 20. Rad1 Kd6 21. f4 g6 22. c4 Bc6 23. Re5 Rf8 24. g3 a6 25.
b4 b6 26. Kf2 Rf6 27. Ke3 Kc7 28. c5 bxc5 29. bxc5 Bb5 30. Kd4 Kc6 31. Rde1 Kd7 32. h5 gxh5 33. Rxh5 h6 34. Reh1 Bc4 35. a3 Rg6 36.
Rg1 Be2 37. Re5 Bg4 38. Rb1 Kc7 39. Rb6 a5 40. Ra6 Rg8 41. Rxa5 Rb8 42. Ra7+ Kc6 43. Ra6+ Kc7 44. Rexe6 Bxe6 45. Rxe6 Rb3 46. Rg6 h5 47. Kxd5 Rd3+ 48. Kc4 Rxa3 49. f5 Ra1 50. Rg7+ Kc6 51. Rg6+ Kc7 52. Kd5 Rd1+ 53. Ke5 Re1+ 54. Kf4 Rc1 55.
c6 Rh1 56. Kg5 Rh3 57. Kh6 h4 58. g4 Rf3 59. Kg7 h3 60. f6 h2 61. Rh6 Rf2 62. g5 Kxc6 63. g6 Kd6 64. Kh8 Ke6 65. g7 Rxf6 66.
g8=Q+ Ke7 67. Rxh2 Rf8 68. Re2+ Kd6 69. Qxf8+ 1-0